cohdb
Replays
Latest Replays
All Replays
Popular Replays
Top Player Replays
Match Explorer
How It Works
Community
CoH3 Stats
Reddit
Sign in to upload your games and track your stats! →
Sign in with Steam
Match 45932931
Unlisted
Match 45932931
Overview
Messages
Build Orders
End
Engineer Squad
Construct Weapon Support Center
Bazooka Squad
Engineer Squad
Bazooka Squad
Engineer Squad
Selects Heavy Weapons
Selects Assault Carriers
Mechanized Support Center
M1919 Machine Gun Team
M3 Assault Carrier
M3 Assault Carrier
Construct Medical Station
M3 Assault Carrier
.30 cal Machine Gun
Construct Tank Depot
Selects Exchangeable Parts
M1919 Machine Gun Team
M4(105) Sherman Bulldozer
M1919 Machine Gun Team
.30 cal Machine Gun
Designate Forward Repair Station
M18 Hellcat Tank Destroyer
Engineer Squad
.30 cal Machine Gun
M3 Assault Carrier
Selects M26 Pershing Heavy Tank
M26 Pershing Heavy Tank
.30 cal Machine Gun
.30 cal Machine Gun
Rapid Repairs
M18 Hellcat Tank Destroyer
M3 Assault Carrier
Designate Forward Repair Station
Selects M2HB .50cal Heavy Machine Gun
Selects Gallant Stand
Selects Black Dragon Artillery Barrage
Black Dragon Artillery Barrage
我是神里凌华的狗
Bold Taste
okinawa
求你了别站起来蹬她
东京七姐妹的Live看的很开心
ManFrau
Grubby丶M
603210747
0
0
Comments
sign in to comment!
No comments posted yet!